 Dungeon Crawl Stone Soup version 0.30-a0-799-g109b55a442 (webtiles) character file.

Game seed: 8809211250771228051

842 AzureAlchemist the Digger (level 8, -15/36 HPs)
             Began as a Vine Stalker Earth Elementalist on Feb 20, 2023.
             Killed from afar by an acid dragon (24 damage)
             ... with a splash of acid
             ... on level 6 of the Dungeon.
             The game lasted 00:14:18 (4965 turns).

AzureAlchemist the Digger (VSEE)                    Turns: 4965, Time: 00:14:19

Health: -15/36     AC:  8    Str: 11    XL:     8   Next: 0%
Magic:  0/16       EV: 12    Int: 15    God:
Gold:   362        SH:  0    Dex: 17    Spells: 7/17 levels left

rFire   + . .      SeeInvis .    c - staff of conjuration
rCold   . . .      Faith    .    (no shield)
rNeg    . . .      Spirit   +    d - +0 robe
rPois   .          Reflect  .    D - +0 helmet
rElec   .          Harm     .    (no cloak)
rCorr   .          Rampage  .    (no gloves)
Will    +....                    h - +0 pair of boots
Stlth   ++                       (no amulet)
HPRegen 1.06/turn                u - ring of protection from fire
MPRegen 0.15/turn                l - +4 ring of protection

@: no status effects
A: fangs 3, regeneration 1, magic shield, antimagic bite, no potion heal 2
a: no special abilities


You were on level 6 of the Dungeon.
You visited 2 branches of the dungeon, and saw 8 of its levels.

You collected 362 gold pieces.

Inventory:

Hand Weapons
 a - a +1 dagger of draining
 b - a +0 sling
 J - a +1 dagger of protection
Missiles
 r - 2 curare-tipped darts
 x - 2 throwing nets
Armour
 d - a +0 robe (worn)
 h - a +0 pair of boots (worn)
 D - a +0 helmet (worn)
 F - the +1 ring mail "Cinnuc" {rElec}
   (You found it on level 6 of the Dungeon)

   rElec:     It insulates you from electricity.
 L - a +1 scale mail of fire resistance
Magical Staves
 c - a staff of conjuration (weapon)
 y - a staff of air
Jewellery
 l - a +4 ring of protection (right hand)
 p - a ring of see invisible
 u - a ring of protection from fire (left hand)
Wands
 C - a wand of light (5)
 I - a wand of paralysis (7)
 K - a wand of roots (5)
Scrolls
 f - 7 scrolls of identify {unknown}
 g - 4 scrolls of teleportation {unknown}
 j - a scroll of enchant armour {unknown}
 k - a scroll of torment {unknown}
 m - a scroll of immolation {unknown}
 o - 2 scrolls of poison {unknown}
 q - 2 scrolls of vulnerability {unknown}
 s - a scroll of magic mapping {unknown}
 t - a scroll of enchant weapon {unknown}
 w - a scroll of amnesia {unknown}
 G - a scroll of noise {unknown}
Potions
 e - 2 potions of might {unknown}
 i - a potion of heal wounds {unknown}
 n - 2 potions of magic
 v - 2 potions of berserk rage {unknown}
 z - 3 potions of haste {unknown}
 A - a potion of cancellation {unknown}
 B - a potion of invisibility {unknown}
 E - 2 potions of curing {unknown}
 H - a potion of flight {unknown}


   Skills:
 - Level 1.5 Dodging
 - Level 2.4 Stealth
 - Level 5.0 Spellcasting
 - Level 5.0 Conjurations
 + Level 3.4 Transmutations
 - Level 5.0 Earth Magic


You had 7 spell levels left.
You knew the following spells:

 Your Spells              Type           Power      Damage    Failure   Level
a - Sandblast             Erth           36%        2d10      1%          1
b - Passwall              Tmut/Erth      13%        N/A       4%          2
c - Stone Arrow           Conj/Erth      56%        3d10      6%          3
d - Petrify               Tmut/Erth      16%        N/A       28%         4

Your spell library contained the following spells:

 Spells                   Type           Power      Damage    Failure   Level
 Summon Small Mammal      Summ           12%        N/A       16%         1
 Call Canine Familiar     Summ           3%         N/A       43%         3
 Summon Guardian Golem    Hex/Summ       3%         N/A       43%         3


Dungeon Overview and Level Annotations

Branches:
Dungeon (7/15)             Temple (1/1) D:5

Altars:
Ashenzari
Cheibriados
Elyvilon
Fedhas
Gozag
Hepliaklqana
Kikubaaqudgha
Makhleb
Okawaru
Qazlal
Ru
Sif Muna
Trog
Uskayaw

Annotations:
D:3 1 runed translucent door, exclusion: door, Crazy Yiuf, Terence
D:5 3 runed translucent doors, exclusion: 3 doors, Edmund; domi's ghost, amateur HOMo


Innate Abilities, Weirdness & Mutations

You have razor-sharp teeth.
Your natural rate of healing is unusually fast.
When hurt, damage is shared between your health and your magic reserves.
Your bite disrupts and absorbs the magic of your enemies.
Potions cannot restore your health.


Message History

Press: ? - help, Shift-Dir - straight line, f/p - acid dragon
Aim: an acid dragon (82% to hit)
The blast of sand hits the acid dragon.
The acid dragon is lightly wounded.
The acid dragon barely misses you.
The acid dragon claws you but does no damage.
Casting: Sandblast (safe; 1% risk of failure)
Confirm with . or Enter, or press ? or * to list all spells.
Aiming: Sandblast (safe; 1% risk of failure)
Press: ? - help, Shift-Dir - straight line, f/p - acid dragon
Aim: an acid dragon (lightly wounded, 82% to hit)
The blast of sand hits the acid dragon!
The acid dragon is heavily wounded.
The acid dragon spits acid at you. The splash of acid hits you!!
Ouch! That really hurt!
* * * LOW HITPOINT WARNING * * *
The acid dragon closely misses you. The acid dragon barely misses you.
Casting: Sandblast (safe; 1% risk of failure)
Confirm with . or Enter, or press ? or * to list all spells.
Aiming: Sandblast (safe; 1% risk of failure)
Press: ? - help, Shift-Dir - straight line, f/p - acid dragon
Aim: an acid dragon (heavily wounded, 82% to hit)
The blast of sand hits the acid dragon!
The acid dragon is almost dead.
The acid dragon completely misses you.
The acid dragon claws you but does no damage.
Casting: Sandblast (safe; 1% risk of failure)
Confirm with . or Enter, or press ? or * to list all spells.
Aiming: Sandblast (safe; 1% risk of failure)
Press: ? - help, Shift-Dir - straight line, f/p - acid dragon
Aim: an acid dragon (almost dead, 82% to hit)
The blast of sand hits the acid dragon but does no damage.
The acid dragon is almost dead.
The acid dragon bites you but does no damage.
The acid dragon closely misses you. The acid dragon spits acid at you.
The splash of acid hits you!!
Ouch! That really hurt!
You die...

# .... #.. #.♣♣h.♣♣ #..
..... #.. ######'S# #..
........## #.. #######..#
... ##.##
################...#####
#.............@D.).....#
#.##############...##...#
#.# ##........ ###.#
#####..#. ..<.# .. #####
#


You could see an acid dragon (catching breath).

Vanquished Creatures
  An ice beast (D:5)
  A black bear (D:6)
  Blork the orc (D:5)
  A bullfrog (D:5)
  A scorpion (D:4)
  5 hounds
  An orc priest (D:5)
  Ijyb (D:4)
  2 iguanas (D:5)
  Natasha (twice) (D:4)
  Robin (D:3)
  6 adders
  A white imp (D:5)
  An ufetubus (D:4)
  A worm (D:3)
  2 dart slugs (D:1)
  2 orcs (D:5)
  9 ball pythons
  9 endoplasms
  3 giant cockroaches
  12 goblins
  10 hobgoblins
  3 kobolds
  A quokka (D:2)
  5 bats
  2 frilled lizards (D:1)
  3 rats
87 creatures vanquished.

Notes
Turn   | Place    | Note
-------+----------+-------------------------------------------
     0 | D:1      | AzureAlchemist the Vine Stalker Earth Elementalist began
                  | the quest for the Orb.
     0 | D:1      | Reached XP level 1. HP: 9/9 MP: 4/4
   144 | D:1      | Reached XP level 2. HP: 8/13 MP: 1/6
   147 | D:1      | Learned a level 2 spell: Passwall
   505 | D:1      | Reached XP level 3. HP: 16/16 MP: 5/7
  1442 | D:3      | Found a runed translucent door.
  1443 | D:3      | Noticed Crazy Yiuf
  1462 | D:3      | Gained mutation: Your natural rate of healing is unusually
                  | fast. [Vine Stalker growth]
  1462 | D:3      | Reached XP level 4. HP: 21/21 MP: 5/8
  1466 | D:3      | Learned a level 3 spell: Stone Arrow
  1982 | D:3      | Reached skill level 1 in Conjurations
  1982 | D:3      | Reached skill level 5 in Earth Magic
  2091 | D:3      | Noticed Terence
  2122 | D:3      | Reached XP level 5. HP: 24/24 MP: 7/9
  2234 | D:3      | Found a broken altar of Ashenzari.
  2266 | D:3      | Found an ancient bone altar of Kikubaaqudgha.
  2347 | D:3      | Found a burning altar of Makhleb.
  2349 | D:3      | Noticed an Executioner
  2384 | D:3      | Noticed Robin
  2403 | D:3      | Killed Robin
  2660 | D:4      | Found a white marble altar of Elyvilon.
  2770 | D:4      | You fall into a shaft and drop 3 floors!
  2770 | D:7      | Found a shimmering blue altar of Sif Muna.
  2794 | D:6      | Identified the +1 ring mail "Cinnuc" {rElec}
  2802 | D:5      | Entered Level 5 of the Dungeon
  2809 | D:5      | Reached XP level 6. HP: 23/28 MP: 0/10
  2914 | D:5      | Found a staircase to the Ecumenical Temple.
  2921 | Temple   | Entered the Ecumenical Temple
  2958 | D:5      | Found a hazy altar of Hepliaklqana.
  2986 | D:5      | Found a runed translucent gate.
  2986 | D:5      | Found a runed translucent gate.
  2988 | D:5      | Found a runed translucent gate.
  2988 | D:5      | Found an opulent altar of Gozag.
  2991 | D:5      | Noticed domi's ghost (amateur HOMo)
  3016 | D:4      | Noticed Natasha
  3021 | D:4      | Killed Natasha
  3136 | D:4      | Noticed Natasha
  3142 | D:4      | Killed Natasha
  3174 | D:4      | Found an opulent altar of Gozag.
  3223 | D:4      | Reached skill level 5 in Conjurations
  3616 | D:4      | Noticed Ijyb
  3619 | D:4      | Killed Ijyb
  3912 | D:5      | Found a sacrificial altar of Ru.
  3961 | D:5      | Noticed Blork the orc
  3972 | D:5      | Killed Blork the orc
  3973 | D:5      | Reached XP level 7. HP: 32/32 MP: 6/13
  4497 | D:5      | Reached skill level 5 in Spellcasting
  4502 | D:5      | Learned a level 4 spell: Petrify
  4638 | D:5      | Noticed Edmund
  4962 | D:6      | Gained mutation: You have razor-sharp teeth. [Vine Stalker
                  | growth]
  4962 | D:6      | Reached XP level 8. HP: 29/36 MP: 6/16
  4965 | D:6      | Killed from afar by an acid dragon

Illustrated notes

Levels and vault maps discovered:
D:1:      lightli_arrival_windingriver, layout_rooms, minmay_misc_feat_cross
D:2:      layout_basic
D:3:      layout_loops_corners, mainiacjoe_overflow_cross_hatched,
          makhleb_altar_promises_db, lemuel_tele_altar, uniq_robin,
          uniq_terence, uniq_crazy_yiuf_cottage
D:4:      layout_loops_ring, kennysheep_little_box, elyvilon_altar_5,
          nrook_mini_vaults, hangedman_decor_clover_reticule, uniq_natasha,
          uniq_ijyb
D:5:      layout_basic, nicolae_ru_awakened_eye, overflow_temple_1_default,
          minmay_temple_entry_wispy, ebering_ghost_gozag, uniq_edmund,
          uniq_blork_the_orc
D:6:      layout_loops_ring, lemuel_coloured_pillars_altar,
          lemuel_crystal_altar, kennysheep_generic_room_5
D:7:      layout_rooms, amcnicky_altar_gilded, general_overflow_altar
Temple:   hellmonk_temple_rainy

Skill      XL: |  1  2  3  4  5  6  7 |
---------------+----------------------+-----
Earth Magic    | 4 5 |  5.0
Conjurations   | 2 4 5 |  5.0
Spellcasting   | 3 5 |  5.0
Transmutations | 3 |  3.4
Dodging        | |  1.5
Stealth        | |  2.4

Action                     |  1- 3 |  4- 6 |  7- 9 || total
---------------------------+-------+-------+-------++-------
  Melee: Short sword       |     2 |     4 |       ||     6
         Bite              |       |     1 |       ||     1
         Dagger            |       |     3 |     1 ||     4
   Fire: Sling             |     7 |    37 |       ||    44
   Cast: Sandblast         |    39 |    64 |    35 ||   138
         Stone Arrow       |       |     3 |     2 ||     5
 Armour: Robe              |     1 |    13 |    16 ||    30
  Dodge: Dodged            |     2 |    21 |    25 ||    48

Table legend: (Time is in decaauts)
 A = Elapsed time spent in this place.
 B = Non-inter-level travel time spent in this place.
 C = Inter-level travel time spent in this place.
 D = Time resting spent in this place.
 E = Time spent auto-exploring this place.
 F = Levels seen in this place.
 G = Mean time per level.
                   A        B        C        D        E       F      G
               +--------+--------+--------+--------+--------+-----+--------+
         Total |   5043 |   4901 |    142 |    246 |   3942 |   8 |  630.4 |
       Dungeon |   5015 |   4873 |    142 |    246 |   3932 |   7 |  716.4 |
        Temple |     27 |     27 |      0 |      0 |     10 |   1 |   27.0 |
               +--------+--------+--------+--------+--------+-----+--------+

Top non-repeatable levels by time:
     D:3: 1278 daAuts
     D:5: 1257 daAuts
     D:4: 990 daAuts
     D:1: 866 daAuts
     D:2: 543 daAuts
     D:6: 63 daAuts
  Temple: 27 daAuts
     D:7: 15 daAuts
